 Dungeon Crawl Stone Soup version 0.29.1-2-gbd0b4ee654 (webtiles) character file.

Game seed: 14254060857439503484

12272 funnyparkerb the Grappler (level 11, -9/111 HPs)
             Began as a Troll Fighter on Nov 10, 2022.
             Was a Believer of Wu Jian.
             Mangled by a ten-headed hydra (13 damage)
             ... on level 11 of the Dungeon.
             The game lasted 00:14:43 (9178 turns).

funnyparkerb the Grappler (Troll Fighter)           Turns: 9178, Time: 00:14:44

Health: -9/111     AC:  8    Str: 32    XL:     11   Next: 60%
Magic:  10/10      EV:  9    Int:  8    God:    Wu Jian [**....]
Gold:   220        SH:  9    Dex:  9    Spells: 8/10 levels left

rFire   . . .      SeeInvis +     - Unarmed
rCold   . . .      Faith    .   b - +0 kite shield
rNeg    . . .      Spirit   .   O - +0 steam dragon scales
rPois   .          Reflect  .   (helmet restricted)
rElec   .          Harm     .   m - +0 cloak
rCorr   .          Rampage  .   (gloves unavailable)
Will    .....                   (boots unavailable)
Stlth   +.........              P - amulet of regeneration
HPRegen 1.88/turn               h - ring of see invisible
MPRegen 0.12/turn               v - +6 ring of strength

@: mighty
A: large, unfitting armour, claws 3, regeneration 1, shaggy fur 1, tough skin 1
a: Renounce Religion, Wall Jump


You were on level 11 of the Dungeon.
You worshipped Wu Jian.
Wu Jian was pleased with you.
You visited 2 branches of the dungeon, and saw 12 of its levels.

You collected 563 gold pieces.
You spent 343 gold pieces at shops.

Inventory:

Missiles
 n - 2 throwing nets
 r - 4 silver javelins
 z - 14 poisoned darts
 F - 3 javelins (quivered)
 G - a boomerang
Armour
 b - a +0 kite shield (worn)
 k - a +2 robe of willpower
 m - a +0 cloak (worn)
 O - +0 steam dragon scales (worn)
Jewellery
 h - a ring of see invisible (left claw)
 t - a ring of protection from cold
 v - a +6 ring of strength (right claw)
 L - a ring of wizardry
 P - an amulet of regeneration (around neck)
 Q - a +6 ring of dexterity
 T - a ring of magical power
Wands
 c - a wand of digging (15)
 C - a wand of mindburst (8)
 R - a wand of paralysis (4)
 S - a wand of acid (4)
 U - a wand of polymorph (3)
Scrolls
 e - 7 scrolls of teleportation
 l - a scroll of amnesia {unknown}
 p - 2 scrolls of immolation
 q - 2 scrolls of torment
 s - 2 scrolls of blinking
 w - 4 scrolls of magic mapping
 x - 4 scrolls of vulnerability
 y - a scroll of summoning
 B - 4 scrolls of enchant armour
 E - a scroll of silence
 I - 3 scrolls of enchant weapon
 J - 3 scrolls of noise
 K - a scroll of fear
 N - 3 scrolls of identify
 W - a scroll of butterflies {unknown}
Potions
 a - 2 potions of lignification {unknown}
 d - a potion of ambrosia {unknown}
 f - 2 potions of flight {unknown}
 g - 3 potions of degeneration {unknown}
 j - 2 potions of berserk rage {unknown}
 o - a potion of resistance {unknown}
 u - 9 potions of curing {unknown}
 A - a potion of brilliance {unknown}
 D - 4 potions of mutation {unknown}
 H - 2 potions of haste {unknown}
 M - a potion of cancellation {unknown}
 V - a potion of might


   Skills:
 + Level 8.0 Fighting
 + Level 5.1 Dodging
 + Level 8.7 Shields
 * Level 12.8 Unarmed Combat


You had 8 spell levels left.
You knew the following spells:

 Your Spells              Type           Power      Damage    Failure   Level
a - Wereblood             Tmut           0%         N/A       77%         2

Your spell library contained the following spells:

 Spells                   Type           Power      Damage    Failure   Level
 Sublimation of Blood     Necr           0%         N/A       77%         2
 Gell's Gravitas          Tloc           0%         N/A       94%         3
 Lesser Beckoning         Tloc           0%         N/A       94%         3
 Stone Arrow              Conj/Erth      0%         3d7       94%         3
 Teleport Other           Tloc           0%         N/A       94%         3
 Animate Armour           Summ/Erth      0%         N/A       100%        4
 Corpse Rot               Necr/Pois/Air  0%         N/A       100%        4
 Dispel Undead            Necr           0%         3d6       100%        4
 Petrify                  Tmut/Erth      0%         N/A       100%        4
 Irradiate                Conj/Tmut      0%         3d11      100%        5
 Death Channel            Necr           0%         N/A       100%        6
 Summon Hydra             Summ           0%         N/A       100%        7
 Lehudib's Crystal Spear  Conj/Erth      0%         10d2      100%        8


Dungeon Overview and Level Annotations

Branches:
Dungeon (11/15)            Temple (1/1) D:5            Lair (0/5) D:9
    Orc (0/2) D:11

Altars:
Ashenzari
Cheibriados
Dithmenos
Elyvilon
Fedhas
Gozag
Hepliaklqana
Kikubaaqudgha
Makhleb
Nemelex Xobeh
Okawaru
Qazlal
Ru
Sif Muna
Trog
Uskayaw
Wu Jian
Xom
Yredelemnul
The Shining One

Shops:
D:1 =   D:7 ?


Innate Abilities, Weirdness & Mutations

You are too large for most types of armour.
You have claws for hands.
Your natural rate of healing is unusually fast.
You are covered in fur. (AC +1)
You have tough skin. (AC +1)


Message History

The nine-headed hydra bites you but does no damage.
The nine-headed hydra bites you. The nine-headed hydra bites you! x2
You feel much better.
The nine-headed hydra bites you but does no damage.
The nine-headed hydra bites you! x2
You block the nine-headed hydra's attack. x2
The nine-headed hydra bites you but does no damage.
You block the nine-headed hydra's attack.
The nine-headed hydra bites you but does no damage. x2
You feel very mighty all of a sudden.
The nine-headed hydra bites you but does no damage.
You block the nine-headed hydra's attack. x2
The nine-headed hydra bites you!
The nine-headed hydra bites you but does no damage.
You block the nine-headed hydra's attack.
The nine-headed hydra bites you. x2
* * * LOW HITPOINT WARNING * * *
The nine-headed hydra bites you!
* * * LOW HITPOINT WARNING * * *
You barely miss the nine-headed hydra.
The nine-headed hydra is moderately wounded.
The nine-headed hydra closely misses you.
The nine-headed hydra bites you.
* * * LOW HITPOINT WARNING * * *
The nine-headed hydra bites you.
* * * LOW HITPOINT WARNING * * *
The nine-headed hydra closely misses you.
You block the nine-headed hydra's attack.
The nine-headed hydra bites you.
* * * LOW HITPOINT WARNING * * *
The nine-headed hydra bites you!
* * * LOW HITPOINT WARNING * * *
The nine-headed hydra closely misses you.
The nine-headed hydra bites you but does no damage.
You claw one of the nine-headed hydra's heads off!
The eight-headed hydra grows two more!
You mangle the ten-headed hydra!!
The ten-headed hydra is moderately wounded.
You block the ten-headed hydra's attack.
The ten-headed hydra bites you!
You die...

### #.. #.######
#......#### ####
#######..##.###.####...#
.......>.##..##O.......#
.######.####.@D#.##.###..
#.# ####W...#.#.. . #.#
###.##..# .#
..######.#######......##..
#.............##..###...#
..######.#########.##.##.Z
#...# #$B.#.#..# ###.#
#...#...Z..# .. #.#
##..#.Z###WZ#


You could see a ten-headed hydra, a two-headed ogre and a shadow (invisible).

Vanquished Creatures
  3 two-headed ogres
  3 death yaks (D:9)
  2 manticores
  An ugly thing (D:10)
  Maggie (D:8)
  A troll (D:10)
  Sigmund (D:2)
  A shadow (D:11)
  2 wyverns
  10 yaks
  2 hogs (D:9)
  A human (D:9)
  3 vampire mosquitoes (D:10)
  Grum (D:8)
  Menkaure (D:5)
  A water moccasin (D:7)
  2 black bears
  An orc warrior (D:10)
  4 ice beasts
  2 ogres
  4 wolves (D:8)
  2 centaurs
  2 phantoms
  2 kobold brigands
  2 bullfrogs
  A necrophage (D:6)
  A gnoll sergeant (D:8)
  2 scorpions
  12 wights (D:8)
  6 killer bees (D:9)
  A troll zombie (D:11)
  2 howler monkeys (D:8)
  5 hounds
  4 orc priests
  Crazy Yiuf (D:2)
  3 jellies
  2 hell rats (D:9)
  Natasha (thrice) (D:2)
  3 iguanas
  8 orc wizards
  2 ogre zombies (D:11)
  4 gnolls
  6 adders
  2 shadow imps (D:6)
  3 ufetubi
  6 worms
  A dart slug (D:2)
  39 orcs
  9 ball pythons
  9 endoplasms
  3 giant cockroaches
  6 goblins
  7 hobgoblins
  14 jackals
  11 kobolds
  6 quokkas
  5 bats
  4 orc zombies (D:11)
  7 rats
253 creatures vanquished.

Notes
Turn   | Place    | Note
-------+----------+-------------------------------------------
     0 | D:1      | funnyparkerb the Troll Fighter began the quest for the Orb.
     0 | D:1      | Reached XP level 1. HP: 22/22 MP: 0/0
    63 | D:1      | Found Xiuliaf's Jewellery Boutique.
    98 | D:1      | Reached XP level 2. HP: 27/29 MP: 1/1
   439 | D:1      | Found a faded altar of an unknown god.
   449 | D:1      | Reached XP level 3. HP: 36/36 MP: 2/2
   789 | D:2      | Noticed Natasha
   797 | D:2      | Killed Natasha
   798 | D:2      | Reached skill level 3 in Unarmed Combat
   825 | D:2      | Noticed Natasha
  1054 | D:2      | Reached XP level 4. HP: 44/44 MP: 3/3
  1090 | D:2      | Killed Natasha
  1097 | D:2      | Noticed Natasha
  1103 | D:2      | Killed Natasha
  1274 | D:2      | Noticed Sigmund
  1285 | D:2      | Killed Sigmund
  1286 | D:2      | Reached skill level 4 in Unarmed Combat
  1286 | D:2      | Reached XP level 5. HP: 43/53 MP: 4/4
  1286 | D:2      | Reached XP level 6. HP: 49/61 MP: 5/5
  1500 | D:2      | Found a runed translucent door.
  1501 | D:2      | Noticed Crazy Yiuf
  1506 | D:2      | Killed Crazy Yiuf
  1611 | D:3      | Reached skill level 5 in Unarmed Combat
  2000 | D:3      | Identified the +7 sling of Interdependent Arising {vorpal,
                  | Str+4}
  2544 | D:4      | Reached XP level 7. HP: 68/68 MP: 6/6
  2947 | D:4      | Reached skill level 6 in Unarmed Combat
  3164 | D:5      | Entered Level 5 of the Dungeon
  3698 | D:5      | Noticed Menkaure
  3703 | D:5      | Killed Menkaure
  3769 | D:5      | Found a staircase to the Ecumenical Temple.
  3783 | Temple   | Entered the Ecumenical Temple
  3977 | D:5      | Reached skill level 5 in Shields
  3984 | D:5      | Reached XP level 8. HP: 72/79 MP: 7/7
  4412 | D:6      | Reached skill level 7 in Unarmed Combat
  4703 | D:6      | Found a stormy altar of Qazlal.
  4724 | D:6      | Reached skill level 5 in Fighting
  4780 | D:6      | Reached skill level 8 in Unarmed Combat
  5049 | D:6      | Found a glowing golden altar of the Shining One.
  5245 | D:7      | Found a white marble altar of Elyvilon.
  5245 | D:7      | Found a shimmering blue altar of Sif Muna.
  5245 | D:7      | Found a shadowy altar of Dithmenos.
  5245 | D:7      | Identified the +7 spear "Killer Bee's Foe" {venom, rElec
                  | rN+ Int+3}
  5249 | D:7      | Found a sacrificial altar of Ru.
  5249 | D:7      | Found a snail-covered altar of Cheibriados.
  5250 | D:7      | Found an ornate altar of the Wu Jian Council.
  5261 | D:7      | Reached XP level 9. HP: 76/88 MP: 8/8
  5277 | D:7      | Became a worshipper of the Wu Jian Council
  5660 | D:7      | Identified the +9 trident "Catoc" {protect, Will+ Str+4}
  5745 | D:7      | Reached skill level 9 in Unarmed Combat
  5814 | D:7      | Learned a level 2 spell: Wereblood
  5991 | D:7      | Found Ineiqoj's Magic Scroll Shoppe.
  5997 | D:7      | Bought a scroll of identify for 28 gold pieces
  5997 | D:7      | Bought a scroll of teleportation for 42 gold pieces
  5997 | D:7      | Bought a scroll of teleportation for 42 gold pieces
  5997 | D:7      | Bought a scroll of fear for 56 gold pieces
  5997 | D:7      | Bought a scroll of identify for 28 gold pieces
  5997 | D:7      | Bought a scroll of teleportation for 42 gold pieces
  5997 | D:7      | Bought a scroll of blinking for 105 gold pieces
  6359 | D:8      | Reached skill level 10 in Unarmed Combat
  6359 | D:8      | Reached * piety under Wu Jian
  6490 | D:8      | Noticed Grum
  6510 | D:8      | Reached XP level 10. HP: 97/100 MP: 9/9
  6544 | D:8      | Killed Grum
  6706 | D:8      | Noticed a two-headed ogre
  6709 | D:8      | Killed a two-headed ogre
  6710 | D:8      | Reached skill level 11 in Unarmed Combat
  6817 | D:8      | Noticed Maggie
  6826 | D:8      | Killed Maggie
  7369 | D:9      | Found a staircase to the Lair.
  7369 | D:9      | Noticed a death yak
  7370 | D:9      | Noticed a death yak
  7370 | D:9      | Noticed a death yak
  7393 | D:9      | Noticed a two-headed ogre
  7420 | D:9      | Noticed a two-headed ogre
  7436 | D:9      | Killed a two-headed ogre
  7620 | D:9      | Killed a two-headed ogre
  7685 | D:9      | Killed a death yak
  7686 | D:9      | Reached skill level 12 in Unarmed Combat
  7686 | D:9      | Reached XP level 11. HP: 49/109 MP: 10/10
  7693 | D:9      | Reached ** piety under Wu Jian
  7877 | D:9      | Identified the +0 leather armour of Namoan {Fly Str+3
                  | Slay+2}
  8047 | D:9      | Killed a death yak
  8052 | D:9      | Killed a death yak
  8225 | D:10     | Entered Level 10 of the Dungeon
  8412 | D:10     | Noticed a white ugly thing
  8418 | D:10     | Killed a white ugly thing
  9030 | D:11     | Reached skill level 5 in Dodging
  9049 | D:11     | Identified the +0 ring mail of the Arcane {rElec Int-2
                  | Dex+4 Stlth+}
  9150 | D:11     | Found a staircase to the Orcish Mines.
  9153 | D:11     | Noticed a six-headed hydra
  9155 | D:11     | Noticed a two-headed ogre
  9157 | D:11     | Noticed a boulder beetle
  9177 | D:11     | HP: 3/111 [nine-headed hydra (7)]
  9178 | D:11     | Mangled by a ten-headed hydra

Illustrated notes

Levels and vault maps discovered:
D:1:      spicycebolla_arrival_xxxplode, layout_loops_ring, serial_shops,
          shop_fountains, dreamdust_ecumenical_altar_statues,
          minmay_pentomino_t2
D:2:      layout_basic, minmay_splitting_lines, uniq_sigmund, uniq_natasha,
          uniq_crazy_yiuf_cottage
D:3:      minmay_evil_eye, layout_basic, kennysheep_flooded_box,
          minmay_fractal_squares_5
D:4:      layout_basic, nicolae_overflow_hidden_temple, palyth_stone_intersect
D:5:      layout_loops_corners, minmay_temple_entry_junction,
          serial_bayou_ford_a, minmay_misc_feat_ornament, uniq_menkaure
D:6:      layout_basic, nicolae_tso_swordbearing_angel,
          nicolae_qazlal_scattered_showers, serial_rivers,
          chequers_serial_rivers_marsh, chequers_serial_rivers_micro_a,
          chequers_serial_rivers_large_a, chequers_serial_rivers_micro_d,
          chequers_serial_rivers_large_b, grunt_ministairs_15
D:7:      layout_basic, grunt_temple_overflow_open, serial_shops, shop_scrolls
D:8:      layout_loops_ring, uniq_maggie, uniq_grum
D:9:      cheibrodos_iron_armory, layout_irregular_city, dpeg_lair_monsters,
          minmay_tree_intersection, grunt_livestock,
          nicolae_elevator_lobby_asterisk
D:10:     layout_roguey
D:11:     layout_loops_ring, zombieorc1_lemuel,
          nicolae_shop_sticking_my_neck_out
Temple:   nicolae_temple_bog_church

Skill      XL: |  1  2  3  4  5  6  7  8  9 10 11 |
---------------+----------------------------------+-----
Shields        | 3 4 5 6 7 8 |  8.7
Unarmed Combat | 3 4 5 6 8 10 12 | 12.8
Fighting       | 3 4 5 6 7 8 |  8.0
Dodging        | 4 5 |  5.1

Action                   |  1- 3 |  4- 6 |  7- 9 | 10-12 || total
-------------------------+-------+-------+-------+-------++-------
Melee: Unarmed           |    86 |   120 |   287 |   263 ||   756
Throw: Javelin           |       |       |       |    12 ||    12
       Throwing net      |       |       |       |     2 ||     2
Invok: Lunge             |       |       |     7 |    23 ||    30
       Whirlwind         |       |       |       |     9 ||     9
Evoke: Wand              |       |     3 |       |     7 ||    10
  Use: Potion            |       |     1 |     1 |     7 ||     9
       Scroll            |       |       |     9 |     2 ||    11
 Stab: Sleeping          |       |     2 |       |       ||     2
Armor: Robe              |    27 |    26 |    68 |     4 ||   125
       Steam dragon scal |       |       |       |    75 ||    75
Dodge: Dodged            |    34 |    36 |    70 |   103 ||   243
Block: Kite shield       |    33 |    30 |    87 |   133 ||   283
